AoeStats
← scoop

Coastal Forest

510297701Analyzed
4v4 RM · 24h ago on Sep 30, 2026· 54m 0s· 8 players
Game mode
Random Map
Map size
Large (8 player)
Population
200
Speed
Normal
Resources
Standard
Victory
Conquest
Starting age
Dark Age
Ending age
Imperial Age
RankedLock teamsTeams togetherTeam positionsShared explorationLock speedFull tech treeHidden civsTurbo modeCheats
Victory
Defeat
🇨🇳 Celts · China
1870
+3
🇩🇪 Spanish · Germany
1682
+7
🇹🇼 Japanese · Taiwan
1591
+10
🇪🇸 Byzantines · Spain
1579
+9
🇺🇸 Huns · United States
1529
-9
🇨🇳 Britons · China
1479
-8
🇨🇳 Khmer · China
1453
-7
🇨🇳 Goths · China
1393
-5
< blank >
6:13 Loom
9:42 Feudal Age
10:17 Double-Bit Axe
10:40 Fishing Lines
11:54 Forging
13:05 Scale Barding Armor
20:21 Castle Age
18:39 Stone Mining
18:48 Horse Collar
19:42 Gold Mining
20:47 Scale Mail Armor
22:05 Wheelbarrow
21:23 Gillnets
22:10 Chain Mail Armor
23:41 Gold Shaft Mining
24:58 Iron Casting
40:05 Imperial Age
38:07 Heavy Plow
38:06 Arson
40:27 Hand Cart
41:28 Plate Mail Armor
41:16 Elite Woad Raider
43:56 Heavy Scorpion
46:02 Siege Engineers
46:30 Bow Saw
47:03 Ballistics
47:45 Chemistry
46:46 Stronghold
47:41 Furor Celtica
48:51 Conscription
49:44 Blast Furnace
48:39 Capped Ram
50:08 Onager
50:09 Siege Ram
好奇小牛
8:19 Loom
12:03 Feudal Age
13:29 Double-Bit Axe
16:33 Castle Age
14:24 Fishing Lines
15:00 Gold Mining
16:11 Fletching
16:33 Forging
17:54 Medium Warships
17:37 Gillnets
19:46 Bow Saw
21:22 Caravan
22:19 Wheelbarrow
21:57 Town Watch
29:02 Imperial Age
26:18 Treadmill Crane
27:49 Hand Cart
27:42 Horse Collar
28:15 Clinker Construction
28:26 Ballistics
29:28 Guard Tower
30:20 Town Patrol
30:29 Scale Mail Armor
31:05 Iron Casting
31:37 Chemistry
31:19 Iron Casting
30:52 Squires
30:37 Arson
30:39 Gambesons
30:14 Man-at-Arms
31:21 Murder Holes
32:40 Conscription
32:22 Yasama
32:54 Parthian Tactics
32:34 Thumb Ring
34:06 Two-Man Saw
33:07 Bodkin Arrow
33:12 Padded Archer Armor
33:27 Long Swordsman
35:32 Keep
35:09 Masonry
35:08 Heavy Cavalry Archer
36:00 Bracer
37:01 Blast Furnace
36:16 Chain Mail Armor
36:02 Padded Archer Armor
37:16 Kataparuto
37:32 Coinage
37:32 Bloodlines
37:22 Husbandry
36:52 Elite Samurai
36:58 Two-Handed Swordsman
38:17 Arrowslits
38:20 Champion
38:20 Pikeman
40:09 Banking
39:57 Leather Archer Armor
39:23 Halberdier
41:10 Plate Mail Armor
52:59 Hoardings
54:48 Carvel Hull
AutoClickerv3
11:19 Feudal Age
12:12 Double-Bit Axe
12:25 Fishing Lines
14:15 Fletching
14:57 Padded Archer Armor
17:05 Horse Collar
19:54 Loom
26:05 Castle Age
25:29 Stone Mining
25:31 Gold Mining
26:25 Crossbowman
27:45 Bodkin Arrow
29:58 Ballistics
29:58 Leather Archer Armor
33:21 Murder Holes
33:12 Treadmill Crane
37:12 Caravan
40:11 Wheelbarrow
43:33 Imperial Age
41:46 Guard Tower
44:54 Bracer
46:27 Chemistry
45:07 Arbalester
48:21 Keep
50:40 Arrowslits
54:12 Fervor
54:18 Block Printing
54:03 Atonement
54:14 Redemption
54:29 Illumination
PacmanStally
6:09 Loom
8:46 Feudal Age
9:25 Double-Bit Axe
18:36 Scale Barding Armor
20:27 Bloodlines
20:40 Forging
25:36 Fletching
28:50 Castle Age
33:52 Castle Age
35:22 Horse Collar
40:18 Bow Saw
41:25 Heavy Plow
42:24 Caravan
42:55 Town Watch
49:03 Imperial Age
47:09 Wheelbarrow
48:19 Chain Barding Armor
48:34 Iron Casting
48:43 Husbandry
49:13 Cavalier
50:42 Conscription
50:59 Plate Barding Armor
51:24 Blast Furnace
52:17 Paladin
53:27 Light Cavalry
致远Deepgame
8:09 Loom
12:46 Feudal Age
13:35 Double-Bit Axe
14:23 Gold Mining
14:20 Fishing Lines
16:53 Castle Age
15:31 Fletching
17:54 Bow Saw
17:09 Crossbowman
18:01 Bodkin Arrow
19:37 Padded Archer Armor
19:47 Horse Collar
23:36 Ballistics
24:26 Town Watch
26:54 Wheelbarrow
28:04 Leather Archer Armor
29:27 Heavy Plow
30:07 Hand Cart
34:50 Imperial Age
34:03 Town Patrol
34:06 Treadmill Crane
35:34 Gold Shaft Mining
35:35 Bracer
36:38 Chemistry
36:25 Conscription
39:52 Two-Man Saw
40:49 Yeomen
39:56 Arbalester
42:00 Guard Tower
41:56 Arrowslits
43:50 Keep
45:52 Scale Barding Armor
45:57 Forging
46:30 Siege Engineers
46:16 Light Cavalry
46:57 Husbandry
47:18 Chain Barding Armor
49:25 Plate Barding Armor
49:26 Iron Casting
54:29 Blast Furnace
勇敢牛牛
7:10 Loom
9:27 Feudal Age
10:01 Double-Bit Axe
14:28 Fletching
21:48 Castle Age
21:51 Wheelbarrow
21:09 Stone Mining
22:09 Gold Mining
22:02 Horse Collar
22:54 Bow Saw
26:52 Squires
30:39 Scale Mail Armor
30:49 Forging
31:41 Chain Mail Armor
34:04 Iron Casting
36:03 Imperial Age
34:24 Hand Cart
37:41 Anarchy
38:42 Iron Casting
37:43 Elite Huskarl
40:00 Man-at-Arms
41:16 Iron Casting
41:38 Conscription
41:20 Perfusion
40:47 Long Swordsman
41:49 Two-Handed Swordsman
43:27 Champion
47:34 Blast Furnace
46:49 Capped Ram
scoop
6:37 Loom
8:44 Feudal Age
9:33 Double-Bit Axe
12:48 Fletching
20:01 Horse Collar
22:16 Padded Archer Armor
25:00 Castle Age
23:24 Gold Mining
25:05 Crossbowman
25:44 Bodkin Arrow
28:14 Bloodlines
28:05 Husbandry
30:55 Ballistics
32:12 Wheelbarrow
32:34 Thumb Ring
37:15 Bow Saw
40:27 Elite Skirmisher
41:48 Leather Archer Armor
47:40 Imperial Age
45:15 Stone Mining
46:40 Scale Barding Armor
45:58 Light Cavalry
47:41 Chain Barding Armor
48:24 Bracer
49:02 Plate Barding Armor
49:40 Hussar
53:18 Forging
knife
7:37 Loom
9:37 Feudal Age
10:26 Double-Bit Axe
10:21 Horse Collar
15:11 Wheelbarrow
17:22 Scale Barding Armor
18:15 Forging
21:00 Castle Age
20:19 Bloodlines
20:02 Gold Mining
22:10 Chain Barding Armor
22:26 Iron Casting
21:44 Light Cavalry
23:30 Husbandry
31:19 Hand Cart
33:55 Imperial Age
34:04 Imperial Age
32:09 Bow Saw
31:59 Heavy Plow
35:54 Blast Furnace
35:29 Plate Barding Armor
35:56 Cavalier
36:06 Capped Ram
40:45 Fletching
43:45 Capped Ram
47:47 Siege Ram
52:59 Town Watch
Connection lost

Rejoining the realm…

Still unreachable

The connection could not be restored.

Session expired

The server has moved on; the page needs a fresh start.